 Dungeon Sprint DCSS version 0.19.1 (webtiles) character file.

4662 kraedy the Basher (level 10, -9/67 HPs)
             Began as a Gargoyle Fighter on Dec 14, 2016.
             Was the Champion of the Shining One.
             Mangled by a lorocyproca (19 damage)
             ... in the Dungeon (Sprint I: "Red Sonja").
             The game lasted 00:05:43 (1497 turns).

kraedy the Basher (Gargoyle Fighter)                Turns: 1497, Time: 00:05:44

Health: -9/67      AC: 15    Str: 24    XL:     10   Next: 43%
Magic:  4/18       EV: 12    Int:  8    God:    the Shining One [******]
Gold:   703        SH: 12    Dex:  9    Spells: 0 memorised, 9 levels left

rFire  . . .     SeeInvis .     a - +0 flail
rCold  . . .     Gourm    .     b - +0 scale mail
rNeg   + + +     Faith    .     c - +0 shield
rPois  ∞         Spirit   .     (no helmet)
rElec  +         Reflect  .     (no cloak)
rCorr  .         Harm     .     (no gloves)
MR     .....     NoTele   +     (no boots)
Stlth  ..........               (no amulet)
                                (no ring)
                                (no ring)

@: glowing
A: negative energy resistance 1, electricity resistance, unbreathing,
petrification resistance, rot immunity, AC +7
a: Divine Shield, Cleansing Flame, Summon Divine Warrior, Brand Weapon With Holy
Wrath, Renounce Religion


You were in the Dungeon.
You worshipped the Shining One.
The Shining One was exalted by your worship.
You were hungry.

You visited 1 branch You collected 703 gold pieces.

Inventory:

Hand Weapons
 a - a +0 flail (weapon)
Armour
 b - a +0 scale mail (worn)
 c - a +0 shield (worn)
Scrolls
 k - a scroll of blinking
Potions
 i - 2 potions of magic
 j - a potion of berserk rage
Books
 l - a book of Debilitation

   Spells                             Type                      Level
   a - Corona                         Hexes                        1
   b - Slow                           Hexes                        2
   c - Gell's Gravitas                Hexes/Translocation          3
   d - Inner Flame                    Hexes/Fire                   3
   e - Cause Fear                     Hexes                        4
   f - Leda's Liquefaction            Hexes/Earth                  4
Comestibles
 f - a bread ration


   Skills:
 + Level 9.7 Fighting
 + Level 14.3 Maces & Flails
 + Level 9.8 Armour
 + Level 6.9 Dodging
 + Level 9.8 Shields
 * Level 11.0 Invocations


You had 9 spell levels left.
You didn't know any spells.

Dungeon Overview and Level Annotations

Branches:
Dungeon (1/1)

Altars:
Cheibriados
Dithmenos
Elyvilon
Fedhas
Gozag
Hepliaklqana
Kikubaaqudgha
Makhleb
Nemelex Xobeh
Okawaru
Qazlal
Ru
Sif Muna
Trog
Uskayaw
Vehumet
Xom
Yredelemnul
Zin
The Shining One
Jiyva
Lugonu

Shops:
D (


Innate Abilities, Weirdness & Mutations

You are resistant to torment.
Your stone body is resilient. (AC +7)
You are immune to poison.
You resist negative energy. (rN+)
You are resistant to electric shocks. (rElec)
You can survive without breathing.
You are immune to petrification.
You are immune to rotting.


Message History

There is an open door here.
You bludgeon the lorocyproca!!
The lorocyproca is moderately wounded.
The lorocyproca hits you but does no damage.
You hit the lorocyproca but do no damage.
The lorocyproca is moderately wounded.
You sock the lorocyproca!
The lorocyproca is heavily wounded.
The lorocyproca hits you!
* * * LOW HITPOINT WARNING * * *
You feel your power leaking away.
You hit the lorocyproca but do no damage.
The lorocyproca is heavily wounded.
The lorocyproca closely misses you.
You hit the lorocyproca.
The lorocyproca is heavily wounded.
You hit the lorocyproca but do no damage.
The lorocyproca is heavily wounded.
The lorocyproca hits you!!
You die...

#################################
#.)'..#__#..')..#..#§§§÷§§§.§†§§.
'..#..'..'..#)..##'#§####§§§§§##§
#####'#__####...@.§#§# ##§§.####
#...#.#### #####2§§.# #$###+#
#..##.# ##'####..$#y# ##'#..+
#..^..#..$### .'..._#
#...§§+..$$$# ##_.#'# ###.§§#
###+#[# #§^§# # ### #§.## #^.#


You could see a lorocyproca (invisible).

Vanquished Creatures
  A gargoyle (D)
  2 kobold demonologists (D)
  4 demonic crawlers (D)
  A slime creature (D)
  Sigmund (D)
  7 hogs (D)
  A yak (D)
  2 floating eyes (D)
  An ogre (D)
  A jelly (D)
  Ijyb (D)
22 creatures vanquished.

Vanquished Creatures (collateral kills)
  A hydra (D)
  A lindwurm (D)
  6 hogs (D)
8 creatures vanquished.

Grand Total: 30 creatures vanquished

Notes
Turn   | Place    | Note
-------+----------+-------------------------------------------
     0 | D        | kraedy the Gargoyle Fighter began the quest for the Orb.
     0 | D        | Reached XP level 1. HP: 14/14 MP: 1/1
     1 | D        | Noticed Ijyb
    10 | D        | Killed Ijyb
    10 | D        | Reached skill level 6 in Maces & Flails
    10 | D        | Reached XP level 2. HP: 19/19 MP: 2/2
    10 | D        | Reached XP level 3. HP: 23/23 MP: 3/3
    14 | D        | Noticed an ogre
    21 | D        | Killed an ogre
    21 | D        | Reached skill level 9 in Maces & Flails
    21 | D        | Reached XP level 4. HP: 28/28 MP: 4/4
    36 | D        | Noticed Sigmund
    57 | D        | Killed Sigmund
    57 | D        | Reached skill level 12 in Maces & Flails
    57 | D        | Reached XP level 5. HP: 5/32 MP: 5/5
    57 | D        | Reached XP level 6. HP: 6/37 MP: 6/6
   322 | D        | Found a deep blue altar of Sif Muna.
   324 | D        | Found a radiant altar of Vehumet.
   409 | D        | Found Bir Qugh's Weapon Emporium.
   409 | D        | Found an ancient bone altar of Kikubaaqudgha.
   409 | D        | Found a hazy altar of Hepliaklqana.
   409 | D        | Found a stormy altar of Qazlal.
   409 | D        | Found a hide-covered altar of Uskayaw.
   409 | D        | Found a blossoming altar of Fedhas.
   409 | D        | Found a bloodstained altar of Trog.
   409 | D        | Found an iron altar of Okawaru.
   409 | D        | Found a basalt altar of Yredelemnul.
   409 | D        | Found a glowing golden altar of the Shining One.
   409 | D        | Found a snail-covered altar of Cheibriados.
   409 | D        | Found a sacrificial altar of Ru.
   409 | D        | Found a glowing silver altar of Zin.
   409 | D        | Found a shadowy altar of Dithmenos.
   409 | D        | Found a white marble altar of Elyvilon.
   409 | D        | Noticed a yak
   421 | D        | Killed a yak
   423 | D        | Found an opulent altar of Gozag.
   424 | D        | Found a sparkling altar of Nemelex Xobeh.
   430 | D        | Became a worshipper of the Shining One
   445 | D        | Found a viscous altar of Jiyva.
   445 | D        | Found a corrupted altar of Lugonu.
   445 | D        | Noticed a slime creature
   446 | D        | Found a burning altar of Makhleb.
   446 | D        | Found a shimmering altar of Xom.
   456 | D        | Killed a slime creature
   456 | D        | Reached skill level 5 in Fighting
   456 | D        | Reached skill level 5 in Armour
   456 | D        | Reached skill level 5 in Shields
   456 | D        | Reached XP level 7. HP: 25/45 MP: 7/7
   600 | D        | Noticed a kobold demonologist
   600 | D        | Reached * piety under the Shining One
   601 | D        | Noticed a kobold demonologist
   628 | D        | Noticed an ice devil
   630 | D        | Killed a kobold demonologist
   630 | D        | Reached ** piety under the Shining One
   630 | D        | Reached skill level 13 in Maces & Flails
   630 | D        | Reached XP level 8. HP: 41/52 MP: 8/11
   636 | D        | Noticed a hellwing
   639 | D        | Killed a kobold demonologist
   639 | D        | Reached skill level 5 in Invocations
   668 | D        | Noticed a demonic crawler
   668 | D        | Noticed a demonic crawler
   668 | D        | Reached *** piety under the Shining One
   668 | D        | Noticed a demonic crawler
   668 | D        | Noticed a demonic crawler
   686 | D        | Killed a demonic crawler
   686 | D        | Reached **** piety under the Shining One
   693 | D        | Killed a demonic crawler
   693 | D        | Reached skill level 5 in Dodging
   693 | D        | Reached XP level 9. HP: 39/57 MP: 12/14
   701 | D        | Killed a demonic crawler
   710 | D        | Killed a demonic crawler
   988 | D        | Noticed a gargoyle
   998 | D        | Killed a gargoyle
  1016 | D        | Noticed a meliai
  1016 | D        | Reached ***** piety under the Shining One
  1083 | D        | Noticed a lindwurm
  1094 | D        | Killed a lindwurm
  1123 | D        | Reached XP level 10. HP: 65/65 MP: 11/17
  1125 | D        | Reached skill level 14 in Maces & Flails
  1126 | D        | Reached skill level 10 in Invocations
  1278 | D        | Noticed a 12-headed hydra
  1278 | D        | Reached ****** piety under the Shining One
  1284 | D        | Paralysed by a floating eye for 2 turns
  1285 | D        | Killed a 12-headed hydra
  1421 | D        | The Shining One protects you from harm!
  1490 | D        | Noticed a lorocyproca
  1497 | D        | Mangled by a lorocyproca

Skill      XL: |  1  2  3  4  5  6  7  8  9 10 |
---------------+-------------------------------+-----
Maces & Flails | 6 9 12 13 14 | 14.3
Fighting       | 5 6 7 8 9 |  9.7
Armour         | 5 6 7 9 |  9.8
Dodging        | 3 4 5 6 |  6.9
Shields        | 5 6 7 9 |  9.8
Invocations    | 4 7 9 11 | 11.0

Action                   |  1- 3 |  4- 6 |  7- 9 | 10-12 || total
-------------------------+-------+-------+-------+-------++-------
Melee: Flail             |    13 |    41 |    76 |    32 ||   162
Invok: Summon Divine War |       |       |     1 |     1 ||     2
  Use: Potion            |       |       |     2 |     2 ||     4
  Eat: Chunk             |       |       |     1 |     1 ||     2
Armor: Scale mail        |     3 |    11 |    37 |    14 ||    65
Dodge: Dodged            |     5 |     7 |    39 |    12 ||    63
Block: Shield            |     6 |     4 |    57 |     9 ||    76
